 Dungeon Crawl Stone Soup version 0.31.0-32-g396128a36d (webtiles) character file.

Game seed: 2663902614728480191

65618 PaiMei the Lord of Darkness (level 14, -4/112 (113) HPs)
             Began as a Demonspawn Necromancer on Mar 27, 2024.
             Was the Champion of Kikubaaqudgha.
             Incinerated by a smoke demon (15 damage)
             ... with a pyre arrow
             ... on level 5 of the Abyss.
             The game lasted 00:43:28 (30948 turns).

PaiMei the Lord of Darkness (DsNe)                 Turns: 30948, Time: 00:43:29

HP:   -4/112 (113)  AC: 14    Str: 10    XL:     14   Next: 76%
MP:   39/39         EV: 13    Int: 20    God:    Kikubaaqudgha [******]
Gold: 474           SH:  5    Dex: 13    Spells: 14/38 levels left

rFire   . . .        Q - +8 demon blade "Leech" {evervamp, Harm ^Drain rN+}
rCold   x x .        G - +0 buckler
rNeg    + . .        N - +1 swamp dragon scales
rPois   +            t - +1 hat {SInv}
rElec   +            n - +0 cloak
rCorr   .            (no gloves)
SInv    +            o - +0 pair of boots
Will    +....        (no amulet)
Stlth   +            u - ring of magical power
HPRegen 0.00/turn    W - ring of the Mage {Wiz Archmagi}
MPRegen 0.26/turn

%: harm (+30% outgoing, +20% incoming), wizardry (x1), archmagi
@: on fire, inhibited regen, glowing, lightly drained
A: claws 2, thin metallic scales 3, foul stench 1, demonic magic 2, [deformed
body], [inhibited regeneration], [cold vulnerability 2], [inability to drink
after injury 2], [persistent drain]
a: Renounce Religion, Unearth Wretches, Torment, Brand Weapon With Pain, Receive
Forbidden Knowledge


You were on level 5 of the Abyss.
You worshipped Kikubaaqudgha.
Kikubaaqudgha was exalted by your worship.
You visited 3 branches of the dungeon, and saw 19 of its levels.
You visited the Abyss 1 time.

You collected 1176 gold pieces.
You spent 702 gold pieces at shops.

Inventory:

Hand Weapons
 y - a +2 hand axe of flaming
 J - a +3 trident of draining
 Q - the +8 demon blade "Leech" (weapon) {evervamp, Harm ^Drain rN+}
   (You found it on level 4 of the Lair of Beasts)

   rN+:       It protects you from negative energy.
   ^Drain:    It drains your maximum health when unequipped.
   Harm:      It increases damage dealt and taken.
Missiles
 H - 4 curare-tipped darts
Armour
 f - an orb of guile
 n - a +0 cloak (worn)
 o - a +0 pair of boots (worn)
 t - a +1 hat of see invisible (worn)
 G - a +0 buckler (worn)
 N - +1 swamp dragon scales (worn)
Jewellery
 g - a ring of flight
 u - a ring of magical power (left claw)
 A - a ring of poison resistance
 I - a ring of magical power
 O - a ring of positive energy
 W - the ring of the Mage (right claw) {Wiz Archmagi}
   (You bought it in a shop on level 13 of the Dungeon)

   [ring of wizardry]

   Wiz:       It improves your spell success rate.
   Archmagi:  It increases the power of your magical spells.
Wands
 a - a wand of acid (9)
 j - a wand of flame (25)
 B - a wand of paralysis (10)
 C - a wand of roots (14)
 K - a wand of digging (6)
 T - a wand of polymorph (9)
Scrolls
 c - a scroll of summoning {unknown}
 d - 2 scrolls of brand weapon
 i - 4 scrolls of amnesia
 k - 6 scrolls of revelation
 m - 3 scrolls of enchant armour {unknown}
 p - 2 scrolls of immolation {unknown}
 q - a scroll of blinking {unknown}
 w - 9 scrolls of teleportation
 x - 2 scrolls of silence {unknown}
 z - 2 scrolls of fog {unknown}
 D - 4 scrolls of fear
 E - 3 scrolls of enchant weapon {unknown}
 L - a scroll of noise {unknown}
 M - 3 scrolls of identify
 U - a scroll of poison {unknown}
 V - a scroll of vulnerability {unknown}
Potions
 b - 5 potions of magic
 e - 7 potions of curing
 l - 2 potions of haste {unknown}
 r - 2 potions of mutation {unknown}
 s - 4 potions of enlightenment
 v - 6 potions of ambrosia
 F - 5 potions of attraction
 P - 2 potions of brilliance {unknown}
 R - a potion of might {unknown}
 S - 3 potions of degeneration {unknown}


   Skills:
 - Level 11.3 Fighting
 + Level 7.3 Armour
 - Level 10.1 Dodging
 - Level 2.0 Stealth
 - Level 5.2 Shields
 + Level 12.5 Spellcasting
 + Level 15.1 Necromancy
 + Level 3.4 Earth Magic


You had 14 spell levels left.
You knew the following spells:

 Your Spells              Type           Power      Damage    Failure   Level
a - Necrotise             Necr           100%       1d9       1%          1
b - Vampiric Draining     Necr           83%        2d11      1%          3
c - Animate Dead          Necr           83%        N/A       1%          4
d - Curse of Agony        Necr           83%        N/A       1%          5
e - Dispel Undead         Necr           83%        3d27      1%          4
f - Borgnjor's Vile Clut  Necr/Erth      32%        N/A       4%          5
g - Sublimation of Blood  Necr           83%        N/A       1%          2

Your spell library contained the following spells:

 Spells                   Type           Power      Damage    Failure   Level
 Kiss of Death            Conj/Necr      100%       2d13      1%          1
 Sandblast                Erth           78%        2d17      1%          1
 Cigotuvi's Dreadful Rot  Necr/Alch/Air  98%        N/A       1%          2
 Death Channel            Necr           41%        N/A       2%          6
 Martyr's Knell           Necr/Summ      59%        N/A       3%          4
 Passwall                 Erth           39%        N/A       4%          3
 Apportation              Tloc           36%        N/A       7%          1
 Sting                    Conj/Alch      72%        1d7       7%          1
 Summon Small Mammal      Summ           72%        N/A       7%          1
 Ensorcelled Hibernation  Hex/Ice        36%        N/A       11%         2
 Jinxbite                 Hex            36%        N/A       11%         2
 Lesser Beckoning         Tloc           36%        N/A       11%         2
 Stone Arrow              Conj/Erth      58%        3d10      11%         3
 Confusing Touch          Hex            18%        N/A       21%         3
 Dazzling Flash           Conj/Hex       36%        N/A       21%         3
 Gell's Gravitas          Tloc           18%        N/A       21%         3
 Mephitic Cloud           Conj/Alch/Air  18%        N/A       21%         3
 Swiftness                Air            18%        N/A       21%         3
 Teleport Other           Tloc           18%        N/A       21%         3
 Animate Armour           Summ/Erth      58%        N/A       32%         4
 Brom's Barrelling Bould  Conj/Erth      29%        2d5       32%         4
 Leda's Liquefaction      Alch/Erth      14%        N/A       32%         4
 Lee's Rapid Deconstruct  Erth           19%        3d11*     41%         5
 Ignite Poison            Fire/Alch      18%        N/A       52%         4
 Summon Lightning Spire   Summ/Air       18%        N/A       52%         4
 Freezing Cloud           Conj/Ice/Air   9%         6-21      86%         5
 Silence                  Hex/Air        9%         N/A       86%         5
 Yara's Violent Unravell  Hex/Alch       9%         3d6       86%         5
 Bombard                  Conj/Erth      14%        9d3       99%         6
 Dispersal                Tloc           9%         N/A       100%        6
 Enfeeble                 Hex            9%         N/A       100%        7


Dungeon Overview and Level Annotations

Branches:
Dungeon (13/15)            Temple (1/1) D:4            Lair (5/5) D:10
  Swamp (0/4) Lair:2        Snake (0/4) Lair:3        Slime (0/5) Lair:5
    Orc (0/2) D:9          Vaults (0/5) D:13

Altars:
Ashenzari
Cheibriados
Dithmenos
Fedhas
Gozag
Hepliaklqana
Kikubaaqudgha
Makhleb
Nemelex Xobeh
Okawaru
Qazlal
Ru
Sif Muna
Trog
Uskayaw
Vehumet
Wu Jian
Xom
Yredelemnul
Jiyva

Shops:
D:1 !   D:2 !   D:13 =

Annotations:
D:3 2 transporters, Consumeair16's ghost, amateur BaFi; Grinder
D:4 3 runed translucent doors, spaghetti's ghost, novice NaCK; tdove's ghost, amateur OpFi
D:12 6 transporters
D:13 Erolcha


Innate Abilities, Weirdness & Mutations

You have very sharp fingernails.
You are completely covered in thin metallic scales. (AC +4, rElec)
You may rarely emit foul miasma when damaged in melee.
Spells you cast may paralyse nearby enemies.
[Armour fits poorly on your strangely shaped body.]
[You do not regenerate when monsters are visible.]
[You are very vulnerable to cold. (rC--)]
[You sometimes lose the ability to drink potions when taking damage.]
[Your health recovers twice as slowly from being drained.]


Message History

The zombie hands lose their grip on something.
The wretched star pulses with an eldritch light!
You feel vulnerable to cold. x2
The large abomination attacks as it pursues you!
The large abomination closely misses you.
The large abomination attacks as it pursues you!
The large abomination hits you.
The large abomination attacks as it pursues you!
The large abomination hits you but does no damage.
The smoke demon attacks as it pursues you!
The smoke demon hits you but does no damage. x3
The large abomination attacks as it pursues you!
You block the large abomination's attack.
The wretched star pulses with an eldritch light!
You occasionally lose the ability to drink potions when taking damage.
You lose the ability to drink potions when taking damage more often.
Your regeneration stops near monsters.
The smoke demon gestures at you. Something smites you!
* * * LOW HITPOINT WARNING * * *
The large abomination attacks as it pursues you!
The large abomination hits you!
* * * LOW HITPOINT WARNING * * *
A large abomination comes into view.
Casting: Borgnjor's Vile Clutch (dangerous; 4% risk of failure)
Confirm with . or Enter, or press ? or * to list all spells.
You can't see any susceptible monsters within range! (Use Z to cast anyway.)
You slice the large abomination!!
The large abomination is heavily damaged.
The large abomination closely misses you.
The smoke demon gestures at you. The pyre arrow hits you.
You are covered in intense liquid fire!
The large abomination hits you but does no damage.
The wretched star pulses with an eldritch light!
You begin to recover more slowly from draining effects.
You shake off some of the fire as you move.
The liquid fire burns you!
You die...
Kikubaaqudgha rasps: "You have failed me!
Welcome... death!"

.. . #.... .. ..##
.#.....# .# #. .
##...#..###.#
##....#.##.#.###..
#.....#..*#...#...# .
#.... ..3.....#..# .
#..###..#D..#.#. ## .
#...#.X..#....#...#..
#.@.X###... ......_
#........# #.#.. ...>
.
..###...##.#......##.
.. #....
...⌠⌠######### #.....
##.... #.#..#. #....
...#.#. .. ##..##.#.


You could see a bone dragon, a wretched star, 2 large abominations and a smoke
demon.

Vanquished Creatures
  Josephine (D:11)
  2 vault guards
  3 hydras
  2 catoblepae (Lair:5)
  2 centaur warriors (D:13)
  2 boulder beetles
  5 two-headed ogres
  5 death yaks (Lair:5)
  Sonja (D:13)
  2 skysharks
  2 large abominations (Abyss:5)
  3 deep elf pyromancers
  A cyclops (D:12)
  An oklob plant (Lair:4)
  An ugly thing (D:12)
  3 manticores
  An elephant (Lair:2)
  A torpor snail (Lair:4)
  5 black mambas
  8 cane toads
  2 unseen horrors
  4 komodo dragons
  Jeremiah (D:9)
  A freezing wraith (Abyss:5)
  3 rime drakes
  A queen bee (D:9)
  3 polar bears
  5 blink frogs
  5 wraiths
  2 shadows
  4 slime creatures (Lair:5)
  8 wyverns
  53 yaks
  3 basilisks
  Grum (D:9)
  A steam dragon (D:5)
  4 vampire mosquitoes
  A warg (D:9)
  2 acid dragons
  3 nagas (Lair:3)
  A swamp worm (Lair:2)
  11 water moccasins
  A black bear (D:4)
  An ice beast (D:5)
  4 orc warriors
  A small abomination (Abyss:5)
  5 centaurs
  2 phantoms
  8 wolves
  2 kobold brigands
  11 bullfrogs
  2 scorpions
  2 gnoll sergeants (D:6)
  4 wights
  22 killer bees
  2 howler monkeys
  4 electric eels
  2 bombardier beetles
  5 hounds
  2 jellies
  5 orc priests
  A gnoll bouda (D:9)
  2 sleepcaps
  2 iguanas
  10 orc wizards
  5 hell rats (Lair:1)
  13 gnolls
  7 adders
  A shadow imp (D:6)
  A white imp (D:6)
  2 dart slugs (D:1)
  4 ribbon worms
  48 orcs
  4 ball pythons
  2 bats
  6 endoplasms
  7 giant cockroaches
  4 goblins
  4 hobgoblins
  4 jackals (D:4)
  4 quokkas
  5 frilled lizards
  16 kobolds
  5 rats
412 creatures vanquished.

Vanquished Creatures (collateral kills)
  Gastronok (Lair:3)
  2 hydras
  A catoblepas (Lair:5)
  A boulder beetle (Lair:4)
  A death yak (Lair:5)
  Amaemon (D:10)
  A skyshark (Lair:2)
  A lindwurm (Lair:5)
  4 elephants
  A salamander (Lair:3)
  3 black mambas
  A torpor snail (Lair:4)
  4 cane toads
  An orange demon (D:10)
  Maggie (D:10)
  A gargoyle (D:10)
  3 rime drakes (Lair:3)
  A komodo dragon (Lair:4)
  8 blink frogs
  4 wyverns (Lair:3)
  3 basilisks
  26 yaks
  A steam dragon (Lair:4)
  5 water moccasins
  2 bullfrogs (Lair:3)
  5 hell rats
  A gnoll (D:9)
  An orc (D:5)
  An endoplasm (D:4)
  A kobold (D:3)
87 creatures vanquished.

Vanquished Creatures (others)
  A catoblepas zombie (Lair:5)
  A death yak zombie (Lair:5)
  A black mamba zombie (Lair:3)
  A skyshark zombie (Lair:3)
  A cane toad zombie (Lair:5)
  5 blink frog zombies (Lair:4)
  A komodo dragon zombie (Lair:5)
  3 water moccasin zombies
  2 wyvern zombies (Lair:3)
  9 yak zombies
  A polar bear zombie (Lair:1)
  A bullfrog zombie (Lair:4)
  A basilisk zombie (Lair:3)
  A hell rat zombie (Lair:3)
  An orc (D:5)
30 creatures vanquished.

Grand Total: 529 creatures vanquished

Notes
Turn   | Place    | Note
-------+----------+-------------------------------------------
     0 | D:1      | PaiMei the Demonspawn Necromancer began the quest for the
                  | Orb.
     0 | D:1      | Reached XP level 1. HP: 13/13 MP: 3/3
   317 | D:1      | Gained mutation: You are partially covered in thin metallic
                  | scales. (AC +2) [demonic ancestry]
   317 | D:1      | Reached XP level 2. HP: 19/19 MP: 1/5
   419 | D:1      | Found Faluunas's Distillery.
   427 | D:1      | Bought a potion of curing for 39 gold pieces
   708 | D:1      | Reached XP level 3. HP: 25/25 MP: 0/6
   712 | D:1      | Learned a level 3 spell: Vampiric Draining
  1147 | D:2      | Reached skill level 1 in Fighting
  1629 | D:2      | Found Luen's Distillery.
  1657 | D:2      | Gained mutation: Spells you cast may paralyse adjacent
                  | enemies. [demonic ancestry]
  1657 | D:2      | Reached XP level 4. HP: 32/32 MP: 2/7
  2198 | D:3      | Noticed Grinder
  2344 | D:3      | Reached skill level 5 in Necromancy
  2499 | D:3      | Found a transporter.
  2500 | D:3      | Found a transporter.
  2726 | D:3      | Identified the +5 halberd of the Ass {venom, rF- rC+ Int+4}
  2728 | D:3      | Noticed Consumeair16's ghost (amateur BaFi)
  3404 | D:4      | Gained mutation: You are mostly covered in thin metallic
                  | scales. (AC +3) [demonic ancestry]
  3404 | D:4      | Reached XP level 5. HP: 38/38 MP: 7/9
  3642 | D:4      | Found a runed translucent gate.
  3643 | D:4      | Found a runed translucent gate.
  3643 | D:4      | Noticed a black bear
  3725 | D:3      | Paralysed by Grinder for 2 turns
  4074 | D:4      | Killed a black bear
  4075 | D:4      | Gained mutation: You are completely covered in thin
                  | metallic scales. (AC +4, rElec) [demonic ancestry]
  4075 | D:4      | Reached XP level 6. HP: 46/46 MP: 3/11
  4190 | D:4      | Found a staircase to the Ecumenical Temple.
  4386 | Temple   | Entered the Ecumenical Temple
  4490 | D:4      | Found a runed translucent gate.
  4494 | D:4      | Noticed tdove's ghost (amateur OpFi)
  4494 | D:4      | Noticed spaghetti's ghost (novice NaCK)
  4653 | D:5      | Entered Level 5 of the Dungeon
  5043 | D:5      | Noticed a steam dragon
  5052 | D:5      | Killed a steam dragon
  5053 | D:5      | Reached skill level 6 in Necromancy
  5053 | D:5      | Reached XP level 7. HP: 47/52 MP: 8/12
  6071 | D:6      | Reached XP level 8. HP: 60/60 MP: 14/14
  6507 | D:6      | Reached skill level 5 in Spellcasting
  6507 | D:6      | Reached skill level 7 in Necromancy
  6540 | D:6      | Reached skill level 5 in Dodging
  6767 | D:6      | Found a shimmering altar of Xom.
  6978 | D:6      | Reached skill level 5 in Fighting
  7047 | D:6      | Found an ancient bone altar of Kikubaaqudgha.
  7050 | D:6      | Became a worshipper of Kikubaaqudgha
  7264 | D:6      | Found the amulet of Elemental Vulnerability {rPois rF--
                  | rC-- AC+8}
  8466 | D:7      | Gained mutation: You have sharp fingernails. [demonic
                  | ancestry]
  8466 | D:7      | Reached XP level 9. HP: 23/61 MP: 17/17
  8963 | D:7      | Reached skill level 8 in Necromancy
  9563 | D:8      | Found an opulent altar of Gozag.
  9795 | D:8      | Found a snail-covered altar of Cheibriados.
  9926 | D:8      | Learned a level 5 spell: Curse of Agony
  9931 | D:8      | Learned a level 4 spell: Animate Dead
  9936 | D:8      | Learned a level 4 spell: Dispel Undead
 10341 | D:9      | Reached skill level 9 in Necromancy
 10475 | D:9      | Reached XP level 10. HP: 25/79 MP: 3/20
 10889 | D:9      | Reached * piety under Kikubaaqudgha
 10889 | D:9      | Received a gift from Kikubaaqudgha
 11231 | D:9      | Noticed Grum
 11271 | D:9      | Killed Grum
 11486 | D:9      | Noticed a two-headed ogre
 11758 | D:9      | Killed a two-headed ogre
 11826 | D:9      | Noticed Jeremiah
 12233 | D:9      | Found a staircase to the Orcish Mines.
 12452 | D:9      | Killed Jeremiah
 12632 | D:9      | Reached skill level 10 in Necromancy
 13021 | D:9      | Reached ** piety under Kikubaaqudgha
 13281 | D:10     | Entered Level 10 of the Dungeon
 13296 | D:10     | Noticed an orange demon
 13788 | D:9      | Gained mutation: Spells you cast may paralyse nearby
                  | enemies. [demonic ancestry]
 13788 | D:9      | Reached XP level 11. HP: 77/87 MP: 9/23
 14102 | D:10     | Found a staircase to the Lair.
 14382 | D:10     | Noticed Amaemon
 14395 | D:10     | Killed Amaemon
 14554 | D:10     | Noticed Maggie
 14561 | D:10     | Killed Maggie
 14867 | Lair:1   | Entered Level 1 of the Lair of Beasts
 14871 | Lair:1   | Learned a level 2 spell: Sublimation of Blood
 15628 | Lair:1   | Reached skill level 11 in Necromancy
 16431 | Lair:1   | Noticed a boulder beetle
 16457 | Lair:1   | Killed a boulder beetle
 16903 | Lair:2   | Noticed an eight-headed hydra
 16913 | Lair:2   | Reached *** piety under Kikubaaqudgha
 16913 | Lair:2   | Received a gift from Kikubaaqudgha
 16916 | Lair:2   | Killed a five-headed hydra
 16933 | Lair:2   | Gained mutation: You may rarely emit foul miasma when
                  | damaged in melee. [demonic ancestry]
 16933 | Lair:2   | Reached XP level 12. HP: 61/97 MP: 15/25
 17127 | Lair:2   | Reached skill level 10 in Fighting
 17544 | Lair:2   | Reached skill level 12 in Necromancy
 17628 | Lair:2   | Found a staircase to the Swamp.
 18479 | Lair:2   | Learned a level 5 spell: Borgnjor's Vile Clutch
 18668 | Lair:3   | Reached skill level 10 in Spellcasting
 18732 | Lair:3   | Reached skill level 10 in Dodging
 18846 | Lair:3   | Noticed a seven-headed hydra
 19070 | Lair:3   | Reached **** piety under Kikubaaqudgha
 19214 | Lair:3   | Found a staircase to the Snake Pit.
 19256 | Lair:3   | Reached skill level 1 in Armour
 19267 | Lair:3   | Killed a six-headed hydra
 19500 | Lair:3   | Noticed a six-headed hydra
 19508 | Lair:3   | Killed a six-headed hydra
 19509 | Lair:3   | Reached XP level 13. HP: 83/106 MP: 27/27
 19648 | Lair:3   | Reached skill level 13 in Necromancy
 19713 | Lair:3   | Noticed Gastronok
 19723 | Lair:3   | Killed Gastronok
 20417 | Lair:3   | Reached ***** piety under Kikubaaqudgha
 20472 | Lair:4   | Reached skill level 1 in Shields
 21340 | Lair:4   | Found the +8 demon blade "Leech" {evervamp, Harm ^Drain
                  | rN+}
 22446 | Lair:5   | Entered Level 5 of the Lair of Beasts
 22713 | Lair:5   | Reached skill level 5 in Armour
 22754 | Lair:5   | Found a viscous altar of Jiyva.
 22754 | Lair:5   | Found a staircase to the Slime Pits.
 23496 | Lair:5   | HP: 2/106 [catoblepas (8)]
 23502 | Lair:5   | Reached skill level 14 in Necromancy
 24635 | Lair:5   | Gained mutation: You have very sharp fingernails. [demonic
                  | ancestry]
 24635 | Lair:5   | Reached XP level 14. HP: 113/113 MP: 10/29
 26016 | Lair:5   | Reached skill level 5 in Shields
 27520 | D:11     | Reached skill level 1 in Earth Magic
 27887 | D:11     | Noticed Josephine
 27893 | D:11     | Killed Josephine
 27957 | D:11     | Reached ****** piety under Kikubaaqudgha
 28341 | D:12     | Found a transporter.
 28343 | D:12     | Found a transporter.
 28906 | D:12     | Found a transporter.
 28909 | D:12     | Found a transporter.
 29514 | D:12     | Found a transporter.
 29515 | D:12     | Found a transporter.
 30071 | D:13     | Found a gate to the Vaults.
 30071 | D:13     | Noticed Erolcha
 30083 | D:13     | Reached skill level 15 in Necromancy
 30409 | D:13     | Found Kil Duvymys's Jewellery Shoppe.
 30418 | D:13     | Bought the ring of the Mage {Wiz Archmagi} for 663 gold
                  | pieces
 30418 | D:13     | Found the ring of the Mage {Wiz Archmagi}
 30437 | D:13     | Noticed Sonja
 30445 | D:13     | Killed Sonja
 30652 | Abyss:1  | Cast into level 1 of the Abyss (Erolcha)
 30681 | Abyss:1  | Found a corrupted altar of Lugonu.
 30774 | Abyss:3  | Noticed an ancient lich
 30859 | Abyss:4  | Noticed a tentacled starspawn
 30883 | Abyss:5  | Found a corrupted altar of Lugonu.
 30930 | Abyss:5  | Noticed a bone dragon
 30948 | Abyss:5  | Incinerated by a smoke demon

Illustrated notes

Levels and vault maps discovered:
D:1:      dpeg_cavernosity, layout_rooms, serial_shops, nicolae_shop_stone
D:2:      layout_basic, serial_shops, shop, minmay_diced_spiral
D:3:      layout_loops_ring, gammafunk_ghost_gnarly_gnolls, uniq_grinder,
          uniq_natasha
D:4:      layout_cave_pools, temple_statues, gammafunk_ghost_cemetery
D:5:      layout_basic
D:6:      layout_loops_ring, mainiacjoe_overflow_swirl
D:7:      layout_basic
D:8:      layout_cave_pools, nicolae_gozag_seed_capital, slow_altar_2
D:9:      layout_basic, david_orc_3, special_room [special_room_bee],
          enter_bailey_2, item_on_display_b, uniq_jeremiah, uniq_grum
D:10:     layout_cave_pools, david_lair_shrubbed, serial_column_ruins,
          column_ruins_square_small, column_ruins_corridor_corner,
          column_ruins_open_tiny, column_ruins_open_medium,
          column_ruins_open_small, uniq_amaemon, uniq_maggie
D:11:     layout_roguey, uniq_josephine
D:12:     layout_gridville, chequers_avenue, serial_nicolae_subway,
          nicolae_sub_station_stone, nicolae_sub_station_metal,
          nicolae_sub_station_crystal
D:13:     layout_irregular_city, lightli_vaults_fourway_checkpoint,
          nicolae_stop_n_shop_1, uniq_erolcha, uniq_sonja
Temple:   dpeg_five_rooms_temple
Lair:1:   layout_roguey, minivault_11, nzn_sisyphean_effort,
          infiniplex_staircase_pool
Lair:2:   layout_cellular_growth, nicolae_swamp_entry_splash_gauntlet,
          grunt_megastairs_1, lemuel_fruit_fields
Lair:3:   layout_roguey, alex1729_snake_entry_snake, special_room
          [special_room_mythical_zoo], lemuel_fruit_fields, uniq_gastronok
Lair:4:   layout_gridlike, nzn_random_ring, grunt_megastairs_3
Lair:5:   evilmike_catoblepas_cave, layout_cave_pods, minmay_slime_entry_pillars
Abyss:5:  base: D:4, base: Lair:5, evilmike_abyss_exit_6,
          evilmike_abyss_exit_10, evilmike_nicolae_abyss_rune_containment_curve

Skill      XL: |  1  2  3  4  5  6  7  8  9 10 11 12 13 14 |
---------------+-------------------------------------------+-----
Stealth        | 2 |  2.0
Dodging        | 2 3 4 5 6 8 9 10 | 10.1
Fighting       | 1 2 3 4 5 7 8 9 11 | 11.3
Necromancy     | 5 6 7 9 10 11 12 14 15 | 15.1
Spellcasting   | 3 4 5 6 8 9 10 11 12 | 12.5
Armour         | 2 5 7 |  7.3
Shields        | 4 5 |  5.2
Earth Magic    | 3 |  3.4

Action                     |  1- 3 |  4- 6 |  7- 9 | 10-12 | 13-15 || total
---------------------------+-------+-------+-------+-------+-------++-------
  Melee: Unarmed           |     6 |       |       |       |       ||     6
         Dagger            |    49 |       |       |       |       ||    49
         Punch             |     1 |       |     7 |       |       ||     8
         Hand axe          |       |    21 |   167 |   218 |   114 ||   520
         Demon blade       |       |       |       |       |    98 ||    98
   Cast: Necrotise         |    74 |    94 |    74 |    67 |    21 ||   330
         Vampiric Draining |       |    11 |   107 |   258 |   273 ||   649
         Dispel Undead     |       |       |     2 |     3 |    10 ||    15
         Curse of Agony    |       |       |       |    17 |    26 ||    43
         Animate Dead      |       |       |       |     7 |    10 ||    17
         Borgnjor's Vile C |       |       |       |       |     9 ||     9
    Use: Scroll            |       |       |       |     7 |     2 ||     9
         Potion            |       |       |       |     1 |     2 ||     3
   Stab: Paralysed         |       |     3 |    21 |   123 |    70 ||   217
         Sleeping          |       |       |     1 |       |       ||     1
         Distracted        |       |       |       |     2 |     2 ||     4
 Armour: Robe              |    34 |    40 |   171 |    94 |       ||   339
         Swamp dragon scal |       |       |       |   319 |   414 ||   733
  Dodge: Dodged            |    43 |    40 |   167 |   330 |   256 ||   836
  Block: Buckler           |       |       |     5 |    92 |   128 ||   225
